 Dungeon Crawl Stone Soup version 0.31-a0-325-g067879e3d3 (webtiles) character file.

Game seed: 7005761239212787453

1667 AdnanSaban the Cudgeller (level 9, -6/55 HPs)
             Began as a Gargoyle Fighter on July 18, 2023.
             Was an Initiate of Okawaru.
             Mangled by a skeletal warrior
             ... wielding a +0 dire flail
              (7 damage)
             ... on level 7 of the Dungeon.
             The game lasted 00:08:56 (5870 turns).

AdnanSaban the Cudgeller (Gargoyle Fighter)         Turns: 5870, Time: 00:08:57

Health: -6/55      AC: 22    Str: 31    XL:     9   Next: 1%
Magic:  9/9        EV:  7    Int:  8    God:    Okawaru [......]
Gold:   300        SH:  5    Dex:  9    Spells: 8/8 levels left

rFire   . . .        r - +0 morningstar
rCold   . . .        c - +0 buckler
rNeg    + . .        s - +2 plate armour {rPois}
rPois   ∞            (no helmet)
rElec   +            w - +0 cloak
rCorr   .            (no gloves)
SInv    .            (no boots)
Will    .....        (no amulet) Stlth
                     a - +6 ring of strength
HPRegen 0.29/turn    (no ring)
MPRegen 0.11/turn

%: no passive effects
@: no status effects
A: sickness immunity, AC +6, negative energy resistance 1, electricity
resistance, torment resistance 1, petrification resistance
a: Renounce Religion


You were on level 7 of the Dungeon.
You worshipped Okawaru.
Okawaru was noncommittal.
You visited 2 branches of the dungeon, and saw 8 of its levels.

You collected 300 gold pieces.

Inventory:

Hand Weapons
 r - a +0 morningstar (weapon)
Armour
 c - a +0 buckler (worn)
 s - a +2 plate armour of poison resistance (worn)
 w - a +0 cloak (worn)
Jewellery
 a - a +6 ring of strength (left hand)
 t - an amulet of regeneration
 y - a ring of positive energy
Wands
 x - a wand of mindburst (10)
 z - a wand of charming (7)
Scrolls
 e - 2 scrolls of blinking {unknown}
 i - 5 scrolls of revelation {unknown}
 j - a scroll of noise {unknown}
 k - a scroll of vulnerability {unknown}
 l - a scroll of teleportation {unknown}
 m - a scroll of enchant armour {unknown}
 n - 7 scrolls of identify {unknown}
 o - 2 scrolls of butterflies {unknown}
 q - a scroll of fog {unknown}
 u - a scroll of brand weapon {unknown}
 v - a scroll of enchant weapon {unknown}
 A - a scroll of fear {unknown}
Potions
 b - 2 potions of degeneration {unknown}
 d - 2 potions of might
 f - 4 potions of curing {unknown}
 g - a potion of cancellation {unknown}
 h - a potion of mutation {unknown}
 p - a potion of enlightenment {unknown}


   Skills:
 + Level 5.7 Fighting
 + Level 7.8 Maces & Flails
 + Level 7.0 Armour
 + Level 5.4 Shields


You had 8 spell levels left.
You didn't know any spells.
Your spell library contained the following spells:

 Spells                   Type           Power      Damage    Failure   Level
 Blink                    Tloc           0%         N/A       99%         2
 Lesser Beckoning         Tloc           0%         N/A       99%         2
 Momentum Strike          Conj/Tloc      0%         3d8       99%         2
 Poisonous Vapours        Pois/Air       0%         N/A       99%         2
 Mephitic Cloud           Conj/Pois/Air  0%         N/A       100%        3
 Freezing Cloud           Conj/Ice/Air   0%         6-21      100%        5


Dungeon Overview and Level Annotations

Branches:
Dungeon (7/15)             Temple (1/1) D:6

Altars:
Ashenzari
Cheibriados
Dithmenos
Elyvilon
Gozag
Hepliaklqana
Kikubaaqudgha
Makhleb
Nemelex Xobeh
Okawaru
Qazlal
Sif Muna
Trog
Uskayaw
Vehumet
Xom
The Shining One

Annotations:
D:6 1 runed translucent door, Crazy Yiuf


Innate Abilities, Weirdness & Mutations

You are immune to sickness and miasma.
Your stone body is resilient. (AC +6)
You are immune to poison.
You resist negative energy. (rN+)
You are resistant to electric shocks. (rElec)
You are resistant to unholy torment.
You are immune to petrification.


Message History

There is a stone staircase leading down here.
You climb downwards.
The skeletal warrior hits you with a +0 dire flail!
There is a stone staircase leading up here.
You barely miss the skeletal warrior.
The skeletal warrior hits you but does no damage.
You barely miss the skeletal warrior. The skeletal warrior barely misses you.
You thump the skeletal warrior!
The skeletal warrior is moderately damaged.
The skeletal warrior hits you with a +0 dire flail!
You sock the skeletal warrior!
The skeletal warrior is heavily damaged.
The skeletal warrior hits you with a +0 dire flail! x2
You are too injured to fight recklessly!
You are too injured to fight recklessly!
You are too injured to fight recklessly!
Okay, then.
Okay, then.
You closely miss the skeletal warrior.
The skeletal warrior is heavily damaged.
The skeletal warrior hits you with a +0 dire flail.
You hit the skeletal warrior.
The skeletal warrior is heavily damaged.
The skeletal warrior hits you but does no damage.
You hit the skeletal warrior but do no damage.
The skeletal warrior is heavily damaged.
You block the skeletal warrior's attack.
You closely miss the skeletal warrior.
The skeletal warrior is heavily damaged.
You block the skeletal warrior's attack.
You hit the skeletal warrior.
The skeletal warrior is heavily damaged.
The skeletal warrior hits you with a +0 dire flail!!
* * * LOW HITPOINT WARNING * * *
You completely miss the skeletal warrior.
The skeletal warrior is heavily damaged.
The skeletal warrior hits you with a +0 dire flail.
* * * LOW HITPOINT WARNING * * *
The skeletal warrior hits you with a +0 dire flail!
You die...

# ##....##...# ##.......#
#....##...# ##.....###
#....###...# #.........
##...###...## ##.........
#....###...###..........
##....# #................
#.....###................ #
#......###...............
####............@.######....
...#...........z.## ###....
.................####......
##..#########.............
#..# #............. #..#
#............. ##..##
#............. # #....###
##............. ##.
#......#####.............#
#...


You could see a skeletal warrior.

Vanquished Creatures
  A yak (D:4)
  Duvessa (D:3)
  An orc warrior (D:4)
  2 black bears (D:6)
  An ogre (D:5)
  2 centaurs
  A phantom (D:3)
  3 scorpions
  Dowan (D:3)
  2 howler monkeys
  2 hounds
  3 iguanas
  A sleepcap (D:4)
  3 gnolls (D:3)
  11 adders
  10 river rats (D:5)
  A white imp (D:5)
  3 worms
  6 dart slugs
  13 orcs
  4 endoplasms
  5 giant cockroaches
  6 goblins
  4 hobgoblins
  8 quokkas
  8 ball pythons
  6 bats
  8 frilled lizards
  9 kobolds
  22 rats
148 creatures vanquished.

Notes
Turn   | Place    | Note
-------+----------+-------------------------------------------
     0 | D:1      | AdnanSaban the Gargoyle Fighter began the quest for the
                  | Orb.
     0 | D:1      | Reached XP level 1. HP: 14/14 MP: 1/1
    30 | D:1      | Reached XP level 2. HP: 19/19 MP: 2/2
   259 | D:1      | Reached XP level 3. HP: 23/23 MP: 3/3
  1154 | D:2      | Reached XP level 4. HP: 29/29 MP: 4/4
  1435 | D:2      | Found a shimmering altar of Xom.
  1657 | D:3      | Reached XP level 5. HP: 31/33 MP: 5/5
  1929 | D:3      | Found a sparkling altar of Nemelex Xobeh.
  2233 | D:3      | Found a burning altar of Makhleb.
  2314 | D:4      | Noticed Duvessa
  2395 | D:4      | Noticed Dowan
  2527 | D:4      | Noticed a phantom
  2550 | D:4      | Reached XP level 6. HP: 20/38 MP: 6/6
  2552 | D:4      | Noticed an orc warrior
  2843 | D:4      | Noticed a yak
  2855 | D:4      | Killed a yak
  2856 | D:4      | Reached skill level 5 in Maces & Flails
  2856 | D:4      | Reached skill level 5 in Armour
  2856 | D:4      | Reached XP level 7. HP: 15/44 MP: 7/7
  3461 | D:5      | Entered Level 5 of the Dungeon
  3615 | D:3      | Killed Duvessa
  3623 | D:3      | Killed Dowan
  3864 | D:5      | Reached XP level 8. HP: 44/48 MP: 8/8
  3888 | D:5      | Reached skill level 5 in Fighting
  4628 | D:6      | Reached skill level 5 in Shields
  5425 | D:6      | Found a staircase to the Ecumenical Temple.
  5430 | Temple   | Entered the Ecumenical Temple
  5436 | Temple   | Became a worshipper of Warmaster Okawaru
  5498 | D:6      | Found a runed translucent door.
  5499 | D:6      | Noticed Crazy Yiuf
  5671 | D:7      | Reached XP level 9. HP: 55/55 MP: 9/9
  5834 | D:7      | Noticed a skeletal warrior
  5869 | D:7      | HP: 2/55 [skeletal warrior/+0 dire flail (21)]
  5870 | D:7      | Mangled by a skeletal warrior

Illustrated notes

Levels and vault maps discovered:
D:1:      minmay_arrival_plants_in_alcoves, layout_basic, serial_forest,
          infiniplex_forest_clump_tiny, infiniplex_forest_diagonal,
          infiniplex_forest_corner_1, infiniplex_forest_clump_tiny,
          infiniplex_forest_lined_3_way, infiniplex_forest_clump_tiny,
          infiniplex_forest_clump_medium, infiniplex_forest_corner_1
D:2:      layout_basic, minmay_hexomino_r4
D:3:      layout_rooms, mainiacjoe_overflow_24_doors,
          mainiacjoe_overflow_boulevard, minmay_unequal
D:4:      layout_basic, hangedman_minor_gate_pass, uniq_duvessa
D:5:      lemuel_ratsnest, layout_basic, interstate_on_off
D:6:      layout_basic, temple_doors_cd, uniq_crazy_yiuf_cottage
D:7:      layout_layer_cave, ebering_ghost_reflecting_pool
Temple:   eino_wide_crystal_templ

Skill      XL: |  1  2  3  4  5  6  7  8 |
---------------+-------------------------+-----
Armour         | 4 5 6 7 |  7.0
Maces & Flails | 3 4 5 6 7 |  7.8
Shields        | 4 5 |  5.4
Fighting       | 4 5 |  5.7

Action                     |  1- 3 |  4- 6 |  7- 9 || total
---------------------------+-------+-------+-------++-------
  Melee: Flail             |   172 |   146 |       ||   318
         Morningstar       |       |    57 |   232 ||   289
 Armour: Scale mail        |    69 |    41 |       ||   110
         Chain mail        |       |   141 |    14 ||   155
         Plate armour      |       |       |   171 ||   171
  Dodge: Dodged            |    61 |   104 |    90 ||   255
  Block: Buckler           |    26 |    50 |    73 ||   149

Table legend: (Time is in decaauts)
 A = Elapsed time spent in this place.
 B = Non-inter-level travel time spent in this place.
 C = Inter-level travel time spent in this place.
 D = Time resting spent in this place.
 E = Time spent auto-exploring this place.
 F = Levels seen in this place.
 G = Mean time per level.
                   A        B        C        D        E       F      G
               +--------+--------+--------+--------+--------+-----+--------+
         Total |   6030 |   5692 |    338 |    262 |   4086 |   8 |  753.8 |
       Dungeon |   6017 |   5684 |    333 |    262 |   4086 |   7 |  859.6 |
        Temple |     12 |      7 |      5 |      0 |      0 |   1 |   12.0 |
               +--------+--------+--------+--------+--------+-----+--------+

Top non-repeatable levels by time:
     D:3: 1145 daAuts
     D:4: 957 daAuts
     D:6: 950 daAuts
     D:1: 941 daAuts
     D:5: 855 daAuts
     D:2: 837 daAuts
     D:7: 328 daAuts
  Temple: 12 daAuts
